 Dungeon Crawl Stone Soup version 0.31-a0-188-g5e087ee2ca (webtiles) character file.

Game seed: 17124413473114373532

83 qw the Shooter (level 4, -2/25 HPs)
             Began as a Deep Elf Hunter on June 22, 2023.
             Slain by a black bear (3 damage)
             ... on level 4 of the Dungeon.
             The game lasted 00:00:33 (1871 turns).

qw the Shooter (Deep Elf Hunter)                    Turns: 1871, Time: 00:00:34

Health: -2/25      AC:  6    Str: 10    XL:     4   Next: 22%
Magic:  6/6        EV: 11    Int: 14    God:
Gold:   158        SH:  0    Dex: 18    Spells: 3/3 levels left

rFire   . . .        Y - +0 shortbow
rCold   . . .        (shield currently unavailable)
rNeg    . . .        e - +0 ring mail
rPois   .            (no helmet)
rElec   .            h - +0 cloak
rCorr   .            (no gloves)
SInv    .            (no boots)
Will    .....        (no amulet)
Stlth   +            (no ring)
HPRegen 0.24/turn    (no ring)
MPRegen 0.10/turn

%: no passive effects
@: no status effects
A: no striking features
a: no special abilities


You were on level 4 of the Dungeon.
You visited 1 branch of the dungeon, and saw 4 of its levels.

You collected 158 gold pieces.


   Skills:
 - Level 1.5 Fighting
 + Level 7.6 Ranged Weapons
 - Level 2.4 Dodging
 - Level 1.2 Stealth


You had 3 spell levels left.
You didn't know any spells.
Your spell library was empty.

Inventory:

Hand Weapons
 Y - a +0 shortbow (weapon)
Armour
 e - a +0 ring mail (worn)
 h - a +0 cloak (worn)
Scrolls
 a - 2 scrolls of identify
 b - 2 scrolls of immolation {unknown}

Dungeon Overview and Level Annotations

Branches:
Dungeon (4/15)
 Temple: D:4-7

Altars:
Elyvilon

Shops:
D:2 (

Annotations:
D:2 1 runed translucent door, Crazy Yiuf


Message History

You shoot an arrow. The arrow hits the black bear.
The black bear is severely wounded.
The black bear barely misses you. x2
The black bear claws you but does no damage.
The black bear closely misses you. The black bear claws you. x2
1865 ||| DRINKING potion of heal wounds.
You feel much better.
The black bear bites you but does no damage.
The black bear claws you but does no damage.
The black bear closely misses you.
You shoot an arrow. The arrow hits the black bear.
The black bear is severely wounded.
The black bear completely misses you. The black bear barely misses you.
The black bear closely misses you.
You shoot an arrow. The arrow hits the black bear.
The black bear is severely wounded.
The black bear goes berserk!
You shoot an arrow.
The arrow closely misses the black bear.
The black bear bites you but does no damage.
The black bear claws you.
The black bear claws you but does no damage.
The black bear bites you but does no damage.
The black bear claws you but does no damage.
The black bear claws you.
You shoot an arrow.
The arrow hits the black bear but does no damage.
The black bear is severely wounded.
The black bear completely misses you. The black bear claws you. x2
You shoot an arrow. The arrow hits the black bear.
The black bear is severely wounded.
The black bear bites you!
The black bear claws you but does no damage.
The black bear closely misses you. x2; The black bear claws you. x2
You shoot an arrow. The arrow hits the black bear.
The black bear is almost dead.
The black bear bites you.
The black bear claws you but does no damage.
The black bear claws you.
You die...

...# . #.# ##.#
.###.# # ..#.#
#.#.# #####.#.#
#.......######
#.###..........
###.###.#.#######
......h@....(..
###.#.#.#.###.#
.?.#.#... #..
###.### #... ...
#.# .$ #.


You could see a black bear (berserk).

Vanquished Creatures
  Terence (D:2)
  An adder (D:3)
  2 worms (D:2)
  A dart slug (D:2)
  6 bats (D:2)
  4 endoplasms
  A giant cockroach (D:2)
  5 goblins
  4 hobgoblins
  A kobold (D:3)
  4 quokkas
  2 ball pythons (D:1)
  A frilled lizard (D:3)
  5 rats (D:2)
38 creatures vanquished.

Notes
Turn   | Place    | Note
-------+----------+-------------------------------------------
     0 | D:1      | qw the Deep Elf Hunter began the quest for the Orb.
     0 | D:1      | Reached XP level 1. HP: 12/12 MP: 3/3
     0 | D:1      | 0 ||| qw: Version: 0.3-a-9-g12657ce
     0 | D:1      | 0 ||| qw: Game counter: 2867
     0 | D:1      | 0 ||| qw: Always use a shield: true
     0 | D:1      | 0 ||| qw: God list: Okawaru
     0 | D:1      | 0 ||| qw: Allow faded altars: false
     0 | D:1      | 0 ||| qw: Do Orc after D:15 true
     0 | D:1      | 0 ||| qw: Do second Lair branch before Depths: true
     0 | D:1      | 0 ||| qw: Lair rune preference: random
     0 | D:1      | 0 ||| qw: Plans: Normal
     0 | D:1      | 0 ||| PLANNING D:1-11
   414 | D:1      | Reached skill level 6 in Ranged Weapons
   414 | D:1      | Reached XP level 2. HP: 16/16 MP: 4/4
   559 | D:1      | 559 ||| UPGRADING to +0 ring mail.
   569 | D:1      | 569 ||| DROPPING +0 leather armour.
   570 | D:1      | 570 ||| UPGRADING to +0 cloak.
   575 | D:1      | 575 ||| READING 2 scrolls labelled RAPULL JUICYPS.
   576 | D:1      | 576 ||| READING scroll labelled IFA CUDUF MONG.
   577 | D:1      | 577 ||| DRINKING 2 viscous pink potions.
   578 | D:1      | 578 ||| DROPPING scroll of butterflies.
   652 | D:2      | Found a runed translucent door.
   653 | D:2      | Noticed Crazy Yiuf
   737 | D:2      | Noticed Terence
   740 | D:2      | Reached XP level 3. HP: 20/20 MP: 5/5
   747 | D:2      | Killed Terence
   748 | D:2      | Reached skill level 7 in Ranged Weapons
   790 | D:2      | Found Cuigurha's Antique Weapon Shoppe.
   820 | D:2      | Found a faded altar of an unknown god.
  1099 | D:2      | 1099 ||| READING 2 scrolls of identify.
  1099 | D:2      | 1099 ||| IDENTIFYING bubbling cyan potion
  1100 | D:2      | 1100 ||| DROPPING potion of magic.
  1211 | D:3      | Reached XP level 4. HP: 19/25 MP: 6/6
  1255 | D:3      | Found a white marble altar of Elyvilon.
  1623 | D:3      | 1623 ||| READING scroll labelled GEWISUIRUWU.
  1626 | D:3      | 1626 ||| READING 2 scrolls labelled MEQE QANACS.
  1727 | D:3      | 1727 ||| DROPPING scroll of silence.
  1857 | D:4      | Noticed a black bear
  1864 | D:4      | HP: 5/25 [black bear (4)]
  1865 | D:4      | 1865 ||| DRINKING potion of heal wounds.
  1870 | D:4      | HP: 6/25 [black bear (8)]
  1870 | D:4      | HP: 2/25 [black bear (1)]
  1871 | D:4      | Slain by a black bear

Levels and vault maps discovered:
D:1:      scummos_arrival_simple_crosswalls, layout_basic
D:2:      layout_basic, serial_shops, shop, hellmonk_ecumenical_altar_lost_god,
          uniq_terence, uniq_crazy_yiuf_cottage
D:3:      layout_basic, mainiacjoe_overflow_boulevard
D:4:      layout_loops_ring, led_sif_book,
          nicolae_hepliaklqana_monster_ancestors,
          minmay_overflow_temple_star_quad, temple_green, ebering_ghost_gozag,
          minmay_misc_feat_nine_boxes, nicolae_shop_gadgets, uniq_menkaure

Skill      XL: |  1  2  3 |
---------------+----------+-----
Ranged Weapons | 6 7 |  7.6
Fighting       | |  1.5
Dodging        | |  2.4
Stealth        | |  1.2

Action                     |  1- 3 |  4- 6 || total
---------------------------+-------+-------++-------
   Fire: Shortbow          |    91 |    22 ||   113
    Use: Scroll            |     3 |     2 ||     5
         Potion            |     1 |     1 ||     2
 Armour: Ring mail         |    12 |    11 ||    23
  Dodge: Dodged            |    21 |    14 ||    35

Table legend:
 A = Non-vault XP
 B = Vault XP
 C = Vault XP percentage of total XP
 D = Non-vault monster count
 E = Vault monster count
 F = Vault count percentage of total count
                 A         B        C        D         E       F
            +---------+---------+-------+---------+---------+-------
      Total |      83 |      36 |  30.3 |      37 |       1 |   2.6
            +---------+---------+-------+---------+---------+-------
        D:1 |      13 |       0 |   0.0 |       7 |       0 |   0.0
        D:2 |      46 |      36 |  43.9 |      23 |       1 |   4.2
        D:3 |      24 |       0 |   0.0 |       7 |       0 |   0.0
            +---------+---------+-------+---------+---------+-------
